 Dungeon Crawl Stone Soup version 0.30-b1-2-g02819fbbbe (webtiles) character file.

Game seed: 10467053339070912004

14269 Anon1729 the Cruncher (level 11, -2/97 HPs)
             Began as a Minotaur Monk on Aug 25, 2023.
             Slain by an eight-headed hydra (14 damage)
             ... on level 2 of the Lair of Beasts.
             The game lasted 00:11:13 (13096 turns).

Anon1729 the Cruncher (Minotaur Monk)              Turns: 13096, Time: 00:11:14

Health: -2/97      AC:  8    Str: 18    XL:     11   Next: 86%
Magic:  15/15      EV: 20    Int:  7    God:
Gold:   684        SH:  5    Dex: 15    Spells: 10/10 levels left

rFire   . . .        R - staff of cold
rCold   + . .        (no shield)
rNeg    . . .        J - +0 acid dragon scales
rPois   +            (helmet unavailable)
rElec   .            (no cloak)
rCorr   +            (no gloves)
SInv    .            (no boots)
Will    .....        A - amulet of reflection
Stlth   +++          B - ring of poison resistance
HPRegen 0.36/turn    w - +5 ring of evasion
MPRegen 0.14/turn

%: reflection
@: no status effects
A: horns 3, retaliatory headbutt
a: no special abilities


You were on level 2 of the Lair of Beasts.
You visited 2 branches of the dungeon, and saw 12 of its levels.
You also visited: Sewer.

You collected 684 gold pieces.

Inventory:

Hand Weapons
 a - a +0 short sword
 j - a +2 vampiric lajatang
Missiles
 d - 5 throwing nets (quivered)
 O - a curare-tipped dart
Armour
 b - a +0 robe
 J - +0 acid dragon scales (worn)
Magical Staves
 R - a staff of cold (weapon)
Jewellery
 f - a ring of protection from fire
 s - an amulet of guardian spirit
 w - a +5 ring of evasion (right hand)
 x - a ring of wizardry
 A - an amulet of reflection (around neck)
 B - a ring of poison resistance (left hand)
 M - a ring of flight
Wands
 r - a wand of light (11)
 E - a wand of charming (8)
Scrolls
 g - 6 scrolls of teleportation
 i - a scroll of silence
 l - 4 scrolls of summoning
 o - a scroll of fear
 u - 5 scrolls of magic mapping
 v - a scroll of torment
 y - 2 scrolls of poison {unknown}
 C - 2 scrolls of fog
 D - a scroll of blinking {unknown}
 F - a scroll of enchant weapon
 G - 2 scrolls of vulnerability {unknown}
 H - 2 scrolls of immolation {unknown}
 I - a scroll of brand weapon {unknown}
 L - 3 scrolls of identify
 Q - a scroll of noise {unknown}
Potions
 c - 3 potions of degeneration {unknown}
 e - a potion of heal wounds
 h - a potion of might {unknown}
 k - 2 potions of haste
 m - 3 potions of mutation
 n - 2 potions of cancellation {unknown}
 p - 3 potions of attraction {unknown}
 q - 2 potions of flight {unknown}
 t - a potion of resistance {unknown}
 z - 2 potions of lignification {unknown}
 K - 3 potions of curing
 N - a potion of ambrosia
 P - a potion of brilliance {unknown}


   Skills:
 + Level 9.6 Fighting
 - Level 3.4 Short Blades
 * Level 12.1 Staves
 + Level 8.8 Armour
 + Level 8.7 Dodging
 + Level 6.6 Stealth
 - Level 1.3 Shields
 + Level 7.2 Invocations


You had 10 spell levels left.
You didn't know any spells.
Your spell library contained the following spells:

 Spells                   Type           Power      Damage    Failure   Level
 Blink                    Tloc           0%         N/A       65%         2
 Lesser Beckoning         Tloc           0%         N/A       65%         2
 Momentum Strike          Conj/Tloc      0%         3d8       65%         2
 Gell's Gravitas          Tloc           0%         N/A       87%         3
 Ozocubu's Armour         Ice            0%         N/A       87%         3
 Portal Projectile        Hex/Tloc       0%         N/A       87%         3
 Teleport Other           Tloc           0%         N/A       87%         3
 Tukima's Dance           Hex            0%         N/A       87%         3
 Volatile Blastmotes      Fire/Tloc      0%         2d10      87%         3
 Fulminant Prism          Conj/Hex       0%         3d5       99%         4
 Iskenderun's Mystic Bla  Conj/Tloc      0%         2d3       99%         4
 Blade Hands              Tmut           0%         N/A       100%        5
 Lee's Rapid Deconstruct  Erth           0%         3d4*      100%        5
 Dispersal                Tloc           0%         N/A       100%        6
 Ozocubu's Refrigeration  Ice            0%         4d7       100%        7
 Chain Lightning          Conj/Air       0%         N/A       100%        9
 Fire Storm               Conj/Fire      0%         5d1       100%        9
 Shatter                  Erth           0%         3d5*      100%        9


Dungeon Overview and Level Annotations

Branches:
Dungeon (10/15)            Temple (0/1) D:6            Lair (2/5) D:8
 Spider (0/4) Lair:2          Orc (0/2) D:9           Sewer (visited)
  Swamp: Lair:2-3    Shoals: Lair:2-3

Altars:
Dithmenos
Fedhas
Sif Muna

Annotations:
D:6 1 transporter


Innate Abilities, Weirdness & Mutations

You have a pair of large horns on your head.
You reflexively headbutt those who attack you in melee.


Message History

The eight-headed hydra bites you!
The eight-headed hydra closely misses you.
The eight-headed hydra bites you but does no damage.
The eight-headed hydra misses you. x2
The eight-headed hydra bites you but does no damage.
You hit the eight-headed hydra.
The eight-headed hydra is moderately wounded.
You hit the eight-headed hydra! You headbutt the eight-headed hydra.
The eight-headed hydra is heavily wounded.
The eight-headed hydra bites you but does no damage.
The eight-headed hydra bites you. x2; The eight-headed hydra bites you!
* * * LOW HITPOINT WARNING * * *
The eight-headed hydra bites you.
* * * LOW HITPOINT WARNING * * *
The eight-headed hydra bites you!
* * * LOW HITPOINT WARNING * * *
The eight-headed hydra bites you but does no damage.
The eight-headed hydra bites you.
* * * LOW HITPOINT WARNING * * *
Aiming: Bolt of Light
Press: ? - help, Shift-Dir - straight line, f - eight-headed hydra
Aim: an eight-headed hydra (moderately wounded, 90% to hit)
The bolt of light hits the eight-headed hydra!
The eight-headed hydra is heavily wounded.
The eight-headed hydra is blinded.
The eight-headed hydra misses you. You furiously retaliate!
You headbutt the eight-headed hydra!
You block the eight-headed hydra's attack.
The eight-headed hydra completely misses you. x2
The eight-headed hydra barely misses you.
The eight-headed hydra completely misses you.
The eight-headed hydra misses you.
You block the eight-headed hydra's attack.
You hit the eight-headed hydra.
The eight-headed hydra is severely wounded.
The eight-headed hydra completely misses you.
You furiously retaliate!
You headbutt the eight-headed hydra!
The eight-headed hydra completely misses you.
You block the eight-headed hydra's attack.
The eight-headed hydra bites you!
You die...

#P######. ##.#
.................
........#..... .
.........#.....# ..
........#..#.#. ...
..#............ ...
........P....#.#.##..
#.....##...#.......
.##.P...##D@.#........
......$.##.....#......P. ..
.#....#.##.#.#...##.....#...
..#.#..<.#.#.#...#........#.
.#.........#......#.......(.
##.#.....†...........#.....
P..#..?...†.#...#..........
... .......#......#.........
. ...#....#.....#..#...P...


You could see an eight-headed hydra (blind).

Vanquished Creatures
  2 boulder beetles
  A black mamba (Lair:2)
  A torpor snail (Lair:1)
  3 cane toads
  The ghost of Farlane the Chopper, an amateur HOMo (D:4)
  A hornet (D:8)
  A blink frog (Lair:2)
  2 jumping spiders (Lair:2)
  Sigmund (D:6)
  4 wyverns
  20 yaks
  5 basilisks
  3 steam dragons
  11 water moccasins
  2 acid dragons
  4 orc warriors
  Pargi (Sewer)
  A sky beast (D:7)
  3 ice beasts
  3 black bears
  A centaur (D:9)
  The ghost of diceflayer the Chopper, an amateur DsGl (D:3)
  4 kobold brigands
  5 bullfrogs
  3 gnoll sergeants
  A scorpion (D:4)
  8 wights
  6 killer bees
  7 howler monkeys
  A crimson imp (D:7)
  2 hounds (D:5)
  6 jellies
  2 gnoll boudas
  4 orc priests
  5 iguanas
  4 sleepcaps
  Natasha (thrice) (D:3)
  7 orc wizards
  Robin (D:4)
  3 river rats (D:3)
  12 adders
  31 gnolls
  2 shadow imps
  3 white imps
  5 worms
  5 dart slugs
  26 orcs
  4 endoplasms
  5 giant cockroaches
  15 goblins
  9 hobgoblins
  4 jackals (D:1)
  28 kobolds
  6 quokkas
  7 ball pythons
  5 bats
  12 frilled lizards
  13 rats
336 creatures vanquished.

Vanquished Creatures (others)
  4 fungi
  28 plants
32 creatures vanquished.

Grand Total: 368 creatures vanquished

Notes
Turn   | Place    | Note
-------+----------+-------------------------------------------
     0 | D:1      | Anon1729 the Minotaur Monk began the quest for the Orb.
     0 | D:1      | Reached XP level 1. HP: 19/19 MP: 0/0
   165 | D:1      | Reached XP level 2. HP: 23/27 MP: 1/1
   425 | D:1      | Reached skill level 1 in Armour
   476 | D:1      | Reached XP level 3. HP: 33/33 MP: 2/2
   544 | D:1      | Reached skill level 1 in Shields
   998 | D:2      | Reached skill level 1 in Stealth
  1001 | D:2      | Reached skill level 1 in Invocations
  1049 | D:2      | Reached skill level 1 in Staves
  1140 | D:2      | Reached XP level 4. HP: 40/40 MP: 3/3
  1885 | D:3      | Found a faded altar of an unknown god.
  1956 | D:3      | Reached skill level 2 in Staves
  1956 | D:3      | Reached XP level 5. HP: 25/46 MP: 3/5
  2046 | D:3      | Found a glowing drain.
  2156 | Sewer    | Entered a sewer
  2264 | Sewer    | Noticed Pargi
  2276 | Sewer    | Killed Pargi
  2277 | Sewer    | Reached skill level 3 in Staves
  2277 | Sewer    | Reached XP level 6. HP: 7/53 MP: 6/6
  2656 | D:3      | Found a runed translucent door.
  2656 | D:3      | Noticed diceflayer's ghost (amateur DsGl)
  2669 | D:3      | You fall into a shaft and drop 1 floor!
  2674 | D:4      | Found a runed translucent door.
  2767 | D:4      | Identified the +0 helmet of the Old and Reckless {Regen+
                  | MP+9 Str-3 Int+5}
  2767 | D:4      | Noticed Robin
  2798 | D:4      | Killed Robin
  3394 | D:4      | Noticed Farlane's ghost (amateur HOMo)
  3408 | D:4      | Found a runed translucent door.
  3666 | D:4      | Killed Farlane's ghost
  3667 | D:4      | Reached skill level 5 in Fighting
  3667 | D:4      | Reached skill level 4 in Staves
  3667 | D:4      | Reached XP level 7. HP: 25/61 MP: 6/8
  3832 | D:3      | Noticed Natasha
  3837 | D:3      | Killed Natasha
  3905 | D:3      | Noticed Natasha
  3992 | D:3      | Killed Natasha
  3992 | D:3      | HP: 1/61 [gnoll/+0 club (5)]
  4113 | D:3      | Noticed Natasha
  4117 | D:3      | Killed Natasha
  4118 | D:3      | Reached skill level 5 in Staves
  4450 | D:3      | Killed diceflayer's ghost
  4703 | D:5      | Entered Level 5 of the Dungeon
  4705 | D:5      | Reached skill level 5 in Dodging
  4705 | D:5      | Reached XP level 8. HP: 66/69 MP: 9/9
  5339 | D:6      | Noticed a kobold demonologist
  5339 | D:6      | Noticed a kobold demonologist
  5349 | D:6      | Found a transporter.
  5423 | D:6      | Found a staircase to the Ecumenical Temple.
  5444 | D:6      | HP: 3/70 [orc warrior/+0 war axe (12)]
  5444 | D:6      | HP: 1/70 [something (2)]
  5452 | D:6      | Reached skill level 6 in Staves
  5851 | D:6      | Noticed Sigmund
  5868 | D:6      | Killed Sigmund
  5869 | D:6      | Reached skill level 5 in Armour
  5956 | D:6      | Reached skill level 7 in Staves
  5956 | D:6      | Reached XP level 9. HP: 78/78 MP: 11/11
  6460 | D:6      | Found a transporter.
  6958 | D:6      | Noticed a hellwing
  6960 | D:6      | Noticed an orange demon
  7146 | D:7      | Found a shimmering blue altar of Sif Muna.
  7277 | D:7      | Reached skill level 8 in Staves
  8036 | D:7      | HP: 3/79 [killer bee (8)]
  8043 | D:7      | Gained mutation: You have a pair of large horns on your
                  | head. [potion of mutation]
  8045 | D:7      | Reached skill level 5 in Invocations
  8187 | D:7      | Reached XP level 10. HP: 65/86 MP: 12/12
  8291 | D:8      | Reached skill level 9 in Staves
  8298 | D:8      | Reached skill level 5 in Stealth
  8364 | D:8      | Found a staircase to the Lair.
  8972 | D:8      | Reached skill level 10 in Staves
  9087 | D:8      | Found a blossoming altar of Fedhas.
  9321 | D:8      | Identified the +7 whip of Prudence {holy, Fragile rC+ rN+
                  | Int+7}
  9408 | D:9      | Found a shadowy altar of Dithmenos.
  9501 | D:9      | Found a staircase to the Orcish Mines.
 10337 | D:10     | Entered Level 10 of the Dungeon
 11036 | D:10     | Reached XP level 11. HP: 34/95 MP: 14/14
 11492 | Lair:1   | Entered Level 1 of the Lair of Beasts
 11494 | Lair:1   | Noticed a boulder beetle
 11507 | Lair:1   | Killed a boulder beetle
 11626 | Lair:1   | Reached skill level 11 in Staves
 12431 | Lair:2   | Noticed a seven-headed hydra
 12440 | Lair:2   | Noticed a skyshark
 12878 | Lair:2   | Noticed a boulder beetle
 12905 | Lair:2   | Killed a boulder beetle
 12941 | Lair:2   | Found a hole to the Spider Nest.
 12948 | Lair:2   | Reached skill level 12 in Staves
 13096 | Lair:2   | Slain by an eight-headed hydra

Illustrated notes

Levels and vault maps discovered:
D:1:      nzn_arrival_settlement, layout_basic
D:2:      layout_basic
D:3:      layout_rooms, dilly_ecumenical_altar_fadedgnrine,
          hellmonk_ghost_happy_afterlife, lightli_sewer_entry_pipes,
          kennysheep_big_empty_room, uniq_natasha
D:4:      layout_layer_cave, ebering_ghost_sewer_f, uniq_robin
D:5:      layout_rooms, grunt_ministairs_1
D:6:      gammafunk_wand_slinger, layout_cave_pods, minmay_temple_entry_waves,
          serial_co_window_serial, co_window_paths_a, co_window_corner_a,
          co_window_corner_a, co_window_corner_a, co_window_paths_a,
          co_window_broadway_c, co_window_broadway_b, co_window_2corner,
          co_window_corner_ca, co_window_corner_ca, co_window_unsneaky_path_d,
          minmay_statues_item, corexii_leaking_fountain, uniq_sigmund
D:7:      layout_loops_ring, mainiacjoe_overflow_tiny_flanked,
          minmay_fire_ice_demons
D:8:      layout_basic, mainiacjoe_overflow_24_doors, minmay_lair_entry_grove
D:9:      layout_loops_corners, mainiacjoe_overflow_catwalk, david_orc_2
D:10:     layout_basic, hangedman_decor_points
Lair:1:   layout_roguey, serial_bayou_shore_b
Lair:2:   nzn_winding_woodlands_cross [nzn_winding_woodlands_5x15_concentric,
          nzn_winding_woodlands_5x15_zeroes,
          nzn_winding_woodlands_5x15_lazy_stream,
          nzn_winding_woodlands_5x15_pool,
          nzn_winding_woodlands_15x15_thick_spiral], layout_long_grid,
          spider_nest_entry_a, nicolae_volcano_entry_batcave,
          minmay_stone_trees_small

Skill      XL: |  1  2  3  4  5  6  7  8  9 10 11 |
---------------+----------------------------------+-----
Armour         | 1 2 3 5 6 7 8 |  8.8
Shields        | 1 |  1.3
Stealth        | 1 2 3 4 5 6 |  6.6
Invocations    | 1 2 3 4 5 6 7 |  7.2
Fighting       | 4 5 6 7 8 9 |  9.6
Staves         | 1 2 3 4 5 7 8 10 12 | 12.1
Dodging        | 4 5 6 7 8 |  8.7
Short Blades   | |  3.4

Action                     |  1- 3 |  4- 6 |  7- 9 | 10-12 || total
---------------------------+-------+-------+-------+-------++-------
  Melee: Short sword       |    69 |       |       |       ||    69
         Headbutt          |    17 |    21 |    41 |    84 ||   163
         Lajatang          |    14 |   175 |   251 |   328 ||   768
         Staff             |       |       |       |    22 ||    22
  Evoke: Wand              |       |       |       |     1 ||     1
    Use: Potion            |       |     1 |     9 |     2 ||    12
         Scroll            |       |       |     9 |     3 ||    12
   Stab: Sleeping          |       |     3 |     3 |     6 ||    12
         Distracted        |       |       |       |     1 ||     1
 Armour: Robe              |    17 |    28 |    19 |     1 ||    65
         Acid dragon scale |       |       |       |    64 ||    64
  Dodge: Dodged            |    56 |   193 |   285 |   291 ||   825
  Block: Other             |       |       |    30 |    86 ||   116
